 Seeded DCSS version 0.31-a0-1620-gcbf77bbcfc (webtiles) character file.

Game seed: 560841995258110699 (custom seed)

3528 Hubris850 the Unseen (level 9, -1/39 HPs)
             Began as a Spriggan Enchanter on Jan 11, 2024.
             Was an Elder of Uskayaw.
             Slain by an orc warrior
             ... wielding a +0 short sword
              (10 damage)
             ... on level 8 of the Dungeon.
             The game lasted 00:18:14 (6323 turns).

Hubris850 the Unseen (Spriggan Enchanter)           Turns: 6323, Time: 00:18:14

Health: -1/39      AC:  3    Str:  4    XL:     9   Next: 82%
Magic:  16/16      EV: 31    Int: 16    God:    Uskayaw [****..]
Gold:   299        SH:  0    Dex: 24    Spells: 14/16 levels left

rFire   . . .        r - +6 dagger of Jeidgharr {heavy, Dex+4}
rCold   . . .        (no shield)
rNeg    . . .        b - +0 robe
rPois   .            (helmet restricted)
rElec   .            C - +0 cloak
rCorr   +            (gloves unavailable)
SInv    +            (boots unavailable)
Will    +....        (no amulet)
Stlth   +++++++      z - ring of resist corrosion
HPRegen 0.26/turn    E - ring of wizardry
MPRegen 0.15/turn

%: wizardry (x1)
@: very quick
A: very small, no large weapons, unfitting armour, see invisible, speed 3
a: Renounce Religion, Stomp, Line Pass


You were on level 8 of the Dungeon.
You worshipped Uskayaw.
Uskayaw was noncommittal.
You visited 2 branches of the dungeon, and saw 9 of its levels.
You also visited: Sewer.

You collected 299 gold pieces.

Inventory:

Hand Weapons
 a - a +1 dagger
 r - the +6 dagger of Jeidgharr (weapon) {heavy, Dex+4}
   (You found it on level 3 of the Dungeon)

   Dex+4:     It affects your dexterity (+4).
 F - the +9 lance "Wyrmbane" {slay drac, rPois rF+ rC+ AC+3}
   (You took it off Maggie on level 8 of the Dungeon)

   AC+3:      It affects your AC (+3).
   rF+:       It protects you from fire.
   rC+:       It protects you from cold.
   rPois:     It protects you from poison
Missiles
 A - 3 poisoned darts (quivered)
 B - 4 boomerangs
Armour
 b - a +0 robe (worn)
 C - a +0 cloak (worn)
 G - +0 swamp dragon scales
Magical Staves
 t - a staff of earth
Jewellery
 e - a ring of ice
 z - a ring of resist corrosion (left hand)
 E - a ring of wizardry (right hand)
Wands
 h - a wand of iceblast (9)
 y - a wand of charming (19)
Scrolls
 j - 2 scrolls of identify {unknown}
 k - a scroll of revelation {unknown}
 l - 5 scrolls of teleportation {unknown}
 m - a scroll of immolation {unknown}
 n - 3 scrolls of noise {unknown}
 q - a scroll of enchant armour {unknown}
 s - 2 scrolls of enchant weapon {unknown}
 u - 3 scrolls of fear {unknown}
 x - 2 scrolls of amnesia {unknown}
 D - a scroll of acquirement {unknown}
Potions
 c - 3 potions of invisibility
 d - a potion of lignification {unknown}
 f - 2 potions of might {unknown}
 g - a potion of degeneration {unknown}
 i - a potion of heal wounds {unknown}
 o - 3 potions of curing {unknown}
 p - 2 potions of brilliance {unknown}
 v - 3 potions of haste {unknown}
 w - a potion of mutation {unknown}


   Skills:
 - Level 10.1 Short Blades
 - Level 13.0 Dodging
 - Level 16.5 Stealth
 + Level 4.0 Spellcasting
 + Level 4.7 Hexes
 + Level 1.5 Ice Magic


You had 14 spell levels left.
You knew the following spells:

 Your Spells              Type           Power      Damage    Failure   Level
a - Ensorcelled Hibernat  Hex/Ice        26%        N/A       2%          2

Your spell library contained the following spells:

 Spells                   Type           Power      Damage    Failure   Level
 Confusing Touch          Hex            18%        N/A       3%          3
 Tukima's Dance           Hex            18%        N/A       3%          3
 Dazzling Flash           Conj/Hex       20%        N/A       8%          3
 Hailstorm                Conj/Ice       5%         3d5       16%         3
 Summon Ice Beast         Ice/Summ       5%         N/A       16%         3
 Animate Dead             Necr           3%         N/A       52%         4
 Manifold Assault         Tloc           3%         N/A       52%         4
 Sculpt Simulacrum        Ice/Alch       2%         N/A       99%         6
 Dispersal                Tloc           1%         N/A       100%        6
 Haunt                    Necr/Summ      1%         N/A       100%        7
 Disjunction              Tloc           1%         N/A       100%        8
 Infestation              Necr           1%         N/A       100%        8


Dungeon Overview and Level Annotations

Branches:
Dungeon (8/15)             Temple (1/1) D:7           Sewer (visited)
   Lair: D:8-11

Altars:
Ashenzari
Cheibriados
Dithmenos
Elyvilon
Fedhas
Gozag
Hepliaklqana
Kikubaaqudgha
Makhleb
Nemelex Xobeh
Okawaru
Qazlal
Ru
Sif Muna
Trog
Uskayaw
Vehumet
Xom
Yredelemnul
Zin
The Shining One

Shops:
D:6 *


Innate Abilities, Weirdness & Mutations

You are very small and have problems with some larger weapons.
You are too small for most types of armour.
You have supernaturally acute eyesight. (SInv)
You cover ground extremely quickly. (Speed+++)


Message History

The orc warrior misses you.
You closely miss the orc warrior.
The orc warrior is moderately wounded.
You closely miss the orc warrior.
The orc warrior is moderately wounded.
The orc warrior completely misses you.
You hit the orc warrior.
The orc warrior is moderately wounded.
The orc warrior hits you with a +0 short sword!
The orc priest calls down the wrath of Beogh upon you.
Beogh smites you!
You puncture the orc warrior!
The orc warrior is severely wounded.
The orc warrior hits you with a +0 short sword!
* * * LOW HITPOINT WARNING * * *
Uskayaw will force your foes to share their pain.
Uskayaw links your audience in an emotional bond!
You hit the orc warrior but do no damage.
The orc warrior is severely wounded.
You hit the orc warrior.
You kill the orc priest!
The orc warrior is severely wounded.
The orc warrior misses you.
You hit the orc warrior but do no damage.
The orc warrior is severely wounded.
The orc warrior is no longer sharing its pain.
The orc warrior completely misses you.
You hit the orc warrior but do no damage.
The orc warrior is severely wounded.
The orc warrior closely misses you.
You barely miss the orc warrior.
The orc warrior is severely wounded.
The orc is no longer sharing its pain.
You closely miss the orc warrior.
The orc warrior is severely wounded.
The orc warrior completely misses you.
You closely miss the orc warrior.
The orc warrior is severely wounded.
The orc warrior hits you with a +0 short sword!
You die...

..# #.# #.# . #.# ....
##.###### #..
#.†.....#
.##.##..)....#
.............#
............@#
####.#.#.#..##o).....
......#.#.#..##o......
...#..................
#.....#.)............
#............#.......
#.#..#...<...........
#.##)#....#.###......
#.............. ...


You could see an orc warrior and an orc.

Vanquished Creatures
  Maggie (D:8)
  2 wyverns
  A steam dragon (D:7)
  An orc warrior (D:6)
  2 black bears
  An ice beast (D:5)
  An ogre (D:7)
  A phantom (D:5)
  2 brain worms (Sewer)
  2 scorpions (D:6)
  3 wights (D:8)
  A bombardier beetle (D:5)
  3 hounds
  A gnoll bouda (D:7)
  3 orc priests
  Crazy Yiuf (D:6)
  2 jellies
  A sleepcap (D:6)
  6 iguanas
  6 orc wizards
  9 gnolls
  12 adders
  4 river rats (Sewer)
  A ribbon worm (D:3)
  3 dart slugs
  14 orcs
  4 endoplasms
  4 giant cockroaches
  4 goblins
  5 hobgoblins
  3 quokkas
  7 ball pythons
  6 bats
  9 frilled lizards
  7 kobolds
  13 rats
146 creatures vanquished.

Notes
Turn   | Place    | Note
-------+----------+-------------------------------------------
     0 | D:1      | Hubris850 the Spriggan Enchanter began the quest for the
                  | Orb.
     0 | D:1      | Reached XP level 1. HP: 9/9 MP: 5/5
   157 | D:1      | Reached XP level 2. HP: 6/13 MP: 6/6
   476 | D:1      | Learned a level 2 spell: Ensorcelled Hibernation
   778 | D:2      | Reached skill level 5 in Stealth
   778 | D:2      | Reached XP level 3. HP: 16/16 MP: 8/8
   782 | D:2      | You fall into a shaft and drop 2 floors!
   788 | D:4      | Noticed a black bear
   795 | D:4      | Killed a black bear
   796 | D:4      | Reached skill level 6 in Stealth
   796 | D:4      | Reached XP level 4. HP: 12/21 MP: 9/9
   988 | D:4      | Reached XP level 5. HP: 3/24 MP: 10/10
  1353 | D:4      | Found the +5 woodcutter's axe
  1476 | D:4      | Reached skill level 5 in Short Blades
  2101 | D:3      | Reached XP level 6. HP: 28/28 MP: 11/11
  2648 | D:3      | Identified the +2 leather armour of the Hart {rF+ Str-3
                  | Stlth+}
  2751 | D:3      | Identified the +6 dagger of Jeidgharr {heavy, Dex+4}
  2849 | D:3      | Reached skill level 10 in Short Blades
  2849 | D:3      | Reached skill level 12 in Stealth
  2849 | D:3      | Reached XP level 7. HP: 32/32 MP: 12/12
  2850 | D:3      | Reached skill level 15 in Stealth
  2850 | D:3      | Reached XP level 8. HP: 36/36 MP: 13/13
  3052 | D:5      | Entered Level 5 of the Dungeon
  3087 | D:5      | Found a blossoming altar of Fedhas.
  3093 | D:5      | Found a sparkling altar of Nemelex Xobeh.
  3096 | D:5      | Found a shadowy altar of Dithmenos.
  3096 | D:5      | Found a stormy altar of Qazlal.
  3102 | D:5      | Found a basalt altar of Yredelemnul.
  3292 | D:5      | Found a glowing drain.
  3296 | Sewer    | Entered a sewer
  3914 | D:5      | Reached skill level 16 in Stealth
  4141 | D:6      | Found Bisonib's Assorted Antiques.
  4407 | D:6      | Reached XP level 9. HP: 39/39 MP: 14/14
  4558 | D:6      | Found an opulent altar of Gozag.
  5112 | D:6      | Found a runed translucent door.
  5113 | D:6      | Noticed Crazy Yiuf
  5120 | D:6      | Killed Crazy Yiuf
  5931 | D:7      | Found a staircase to the Ecumenical Temple.
  5949 | D:7      | Reached skill level 1 in Ice Magic
  6011 | Temple   | Entered the Ecumenical Temple
  6026 | Temple   | Became a worshipper of Uskayaw the Reveller
  6244 | D:8      | Reached * piety under Uskayaw
  6266 | D:8      | Noticed Maggie
  6273 | D:8      | Reached ** piety under Uskayaw
  6279 | D:8      | Reached *** piety under Uskayaw
  6288 | D:8      | Killed Maggie
  6288 | D:8      | Reached **** piety under Uskayaw
  6290 | D:8      | Reached ***** piety under Uskayaw
  6323 | D:8      | Slain by an orc warrior

Illustrated notes

Levels and vault maps discovered:
D:1:      ncdulo_smallfort, layout_loops_cross
D:2:      layout_loops_cross, ebering_ecumenical_altar_sacrificial
D:3:      minmay_skewed_foursquare, layout_basic, serial_bayou_pond_a
D:4:      layout_loops_ring
D:5:      layout_cave_pools, nicolae_overflow_hallway_of_the_gods,
          mainiacjoe_sewer_entry_somewhere_in_here_2
D:6:      layout_layer_cave, grunt_gozag_statues, serial_shops, shop,
          uniq_crazy_yiuf_cottage
D:7:      layout_rooms, minmay_temple_entry_overgrown
D:8:      layout_basic, uniq_joseph, uniq_maggie
Temple:   eino_wide_crystal_templ

Skill      XL: |  1  2  3  4  5  6  7  8  9 |
---------------+----------------------------+-----
Dodging        | 3 9 12 13 | 13.0
Short Blades   | 2 3 4 5 10 | 10.1
Stealth        | 5 6 12 15 16 | 16.5
Spellcasting   | 4 |  4.0
Hexes          | 4 |  4.7
Ice Magic      | 1 |  1.5

Action                     |  1- 3 |  4- 6 |  7- 9 || total
---------------------------+-------+-------+-------++-------
  Melee: Dagger            |    70 |   194 |   186 ||   450
         Punch             |     1 |       |     1 ||     2
   Cast: Ensorcelled Hiber |       |     5 |    19 ||    24
    Use: Potion            |       |     1 |     1 ||     2
   Stab: Sleeping          |     7 |    17 |    40 ||    64
         Distracted        |       |     1 |       ||     1
         Paralysed         |       |       |     1 ||     1
 Armour: Robe              |    13 |    38 |    26 ||    77
  Dodge: Dodged            |    52 |   120 |   109 ||   281

Table legend: (Time is in decaauts)
 A = Elapsed time spent in this place.
 B = Non-inter-level travel time spent in this place.
 C = Inter-level travel time spent in this place.
 D = Time resting spent in this place.
 E = Time spent auto-exploring this place.
 F = Levels seen in this place.
 G = Mean time per level.
                   A        B        C        D        E       F      G
               +--------+--------+--------+--------+--------+-----+--------+
         Total |   4461 |   4384 |     77 |    902 |   2406 |  10 |  446.1 |
       Dungeon |   4121 |   4044 |     77 |    902 |   2230 |   8 |  515.1 |
        Temple |     19 |     19 |      0 |      0 |      0 |   1 |   19.0 |
         Sewer |    320 |    320 |      0 |      0 |    176 |   1 |  320.0 |
               +--------+--------+--------+--------+--------+-----+--------+

Top non-repeatable levels by time:
     D:6: 929 daAuts
     D:4: 869 daAuts
     D:3: 762 daAuts
     D:7: 508 daAuts
     D:1: 464 daAuts
     D:5: 440 daAuts
   Sewer: 320 daAuts
     D:8: 88 daAuts
     D:2: 58 daAuts
  Temple: 19 daAuts
